 Dungeon Crawl Stone Soup version 0.31-a0-1308-ga3cce3a448 (webtiles) character file.

Game seed: 637820195854167438

1383 IdlyInterested the Shield-Bearer (level 8, -1/62 HPs)
             Began as a Demonspawn Fighter on Dec 19, 2023.
             Slain by a killer bee (4 damage)
             ... on level 5 of the Dungeon.
             The game lasted 00:09:59 (4183 turns).

IdlyInterested the Shield-Bearer (DsFi)             Turns: 4183, Time: 00:10:01

Health: -1/62      AC:  9    Str: 16      XL:     8   Next: 40%
Magic:  8/8        EV:  8    Int: 10      God:
Gold:   201        SH: 11    Dex: 13 (14) Spells: 7/7 levels left

rFire   . . .        i - +4 whip (elec)
rCold   . . .        c - +0 buckler
rNeg    . . .        n - +0 chain mail
rPois   .            (helmet restricted)
rElec   .            (no cloak)
rCorr   .            (no gloves)
SInv    .            (no boots)
Will    .....        (no amulet) Stlth
                     (no ring)
HPRegen 0.30/turn    (no ring)
MPRegen 0.11/turn

%: no passive effects
@: mighty, brilliant, lethally poisoned (-1 -> -22)
A: horns 1, large bone plates 2, powered by death 1, hooves 1, deterioration 1
a: no special abilities


You were on level 5 of the Dungeon.
You visited 1 branch of the dungeon, and saw 5 of its levels.

You collected 201 gold pieces.

Inventory:

Hand Weapons
 a - a +0 long sword
 e - a +0 long sword
 i - a +4 whip of electrocution (weapon)
 j - a +0 rapier
Missiles
 b - 4 poisoned darts
 k - 34 stones (quivered)
 x - 2 atropa-tipped darts
Armour
 c - a +0 buckler (worn)
 n - a +0 chain mail (worn)
Wands
 o - a wand of flame (17)
Scrolls
 f - 3 scrolls of vulnerability
 h - 3 scrolls of teleportation
 m - a scroll of immolation
 p - a scroll of fear
 t - a scroll of silence
Potions
 g - a potion of resistance
 r - a potion of heal wounds {unknown}
 s - a potion of haste {unknown}
 u - a potion of ambrosia {unknown}
 v - a potion of berserk rage {unknown}
 w - a potion of enlightenment {unknown}


   Skills:
 + Level 5.0 Fighting
 - Level 3.0 Long Blades
 - Level 3.0 Throwing
 - Level 3.0 Armour
 - Level 3.0 Dodging
 - Level 3.0 Stealth
 - Level 6.0 Shields
 - Level 3.0 Evocations


You had 7 spell levels left.
You didn't know any spells.
Your spell library contained the following spells:

 Spells                   Type           Power      Damage    Failure   Level
 Magic Dart               Conj           0%         1d3       99%         1
 Blink                    Tloc           0%         N/A       100%        2
 Lesser Beckoning         Tloc           0%         N/A       100%        2
 Momentum Strike          Conj/Tloc      0%         3d8       100%        2
 Searing Ray              Conj           0%         2d4       100%        2
 Gell's Gravitas          Tloc           0%         N/A       100%        3
 Hailstorm                Conj/Ice       0%         3d5       100%        3
 Teleport Other           Tloc           0%         N/A       100%        3
 Fulminant Prism          Conj/Hex       0%         3d5       100%        4
 Summon Ice Beast         Ice/Summ       0%         N/A       100%        4
 Simulacrum               Ice/Necr       0%         N/A       100%        6


Dungeon Overview and Level Annotations

Branches:
Dungeon (5/15)             Temple (0/1) D:5

Altars:
Cheibriados
Dithmenos
Vehumet
Wu Jian


Innate Abilities, Weirdness & Mutations

You have a pair of small horns on your head.
You are mostly covered in large bone plates. (SH +6)
You regenerate a little health from kills.
You have large cloven feet.
Your body sometimes deteriorates upon taking damage.


Message History

You are poisoned.
The killer bee poisons you!
The killer bee stings you but does no damage.
You block the killer bee's attack. The killer bee stings you.
You hit the killer bee.
Lightning courses through the killer bee!
Your kick misses the killer bee.
The killer bee is severely wounded.
You feel sick. You block the killer bee's attack. x2
A killer bee comes into view.
The killer bee closely misses you. The killer bee stings you.
You are more poisoned.
The killer bee poisons you!
You miss the killer bee.
The killer bee buzzes angrily.
Your kick misses the killer bee.
The killer bee is severely wounded.
You feel very sick. The killer bee stings you.
You are more poisoned.
The killer bee poisons you! The killer bee stings you.
The killer bee stings you! The killer bee barely misses you.
You feel very mighty all of a sudden.
You feel very sick. The killer bee stings you.
* * * LOW HITPOINT WARNING * * *
You are lethally poisoned!
The killer bee poisons you! The killer bee stings you.
* * * LOW HITPOINT WARNING * * *
You are more poisoned.
The killer bee poisons you! The killer bee barely misses you.
A killer bee comes into view.
You block the killer bee's attack.
It was a potion of brilliance.
You feel clever all of a sudden.
* * * LOW HITPOINT WARNING * * *
You feel very sick.
The killer bee buzzes angrily.
The killer bee stings you.
You die...

#..... ####>.
### #.# # .. #.#
##. #. #.#
##...#.#### #.#
..$_y.yy..####.#
#...##y#......#
# #@######.# #y#
#.# .y# #.# ####
#.# #.### #...#
###.# #.# #.#
#.###


You could see 5 killer bees.

Vanquished Creatures
  Pikel (D:4)
  Grinder (D:3)
  Eustachio (D:4)
  Menkaure (D:4)
  An ogre (D:5)
  2 jellies (D:4)
  A hound (D:3)
  An iguana (D:5)
  2 orc wizards (D:3)
  9 adders
  4 gnolls (D:5)
  A worm (D:4)
  A dart slug (D:2)
  11 orcs (D:3)
  8 bats
  5 endoplasms
  4 giant cockroaches
  4 goblins
  3 hobgoblins
  2 jackals (D:2)
  4 quokkas
  4 ball pythons
  3 frilled lizards (D:1)
  5 kobolds
  4 rats
83 creatures vanquished.

Notes
Turn   | Place    | Note
-------+----------+-------------------------------------------
     0 | D:1      | IdlyInterested the Demonspawn Fighter began the quest for
                  | the Orb.
     0 | D:1      | Reached XP level 1. HP: 18/18 MP: 1/1
    65 | D:1      | Reached skill level 3 in Shields
   233 | D:1      | Gained mutation: You have a pair of small horns on your
                  | head. [demonic ancestry]
   233 | D:1      | Reached XP level 2. HP: 24/24 MP: 2/2
   748 | D:2      | Reached XP level 3. HP: 18/29 MP: 3/3
   965 | D:2      | Reached skill level 1 in Dodging
  1046 | D:2      | Gained mutation: You are partially covered in large bone
                  | plates. (SH +4) [demonic ancestry]
  1046 | D:2      | Reached XP level 4. HP: 35/35 MP: 4/4
  1589 | D:3      | Found a radiant altar of Vehumet.
  1668 | D:3      | Found a snail-covered altar of Cheibriados.
  1721 | D:3      | HP: 1/35 [something (2)]
  1722 | D:3      | Gained mutation: Your body sometimes deteriorates upon
                  | taking damage. [potion of mutation]
  1722 | D:3      | Gained mutation: You have large cloven feet. [potion of
                  | mutation]
  2036 | D:3      | Reached skill level 1 in Evocations
  2036 | D:3      | Gained mutation: You regenerate a little health from kills.
                  | [demonic ancestry]
  2036 | D:3      | Reached XP level 5. HP: 39/41 MP: 5/5
  2119 | D:3      | Noticed Grinder
  2119 | D:3      | Paralysed by Grinder for 2 turns
  2124 | D:3      | Paralysed by Grinder for 3 turns
  2138 | D:3      | Killed Grinder
  2139 | D:3      | Gained mutation: You are mostly covered in large bone
                  | plates. (SH +6) [demonic ancestry]
  2139 | D:3      | Reached XP level 6. HP: 25/47 MP: 6/6
  2777 | D:4      | Noticed Pikel
  2807 | D:4      | Killed Pikel
  2808 | D:4      | Reached skill level 5 in Shields
  2808 | D:4      | Reached XP level 7. HP: 23/52 MP: 7/7
  2938 | D:4      | Noticed Eustachio
  2953 | D:4      | Killed Eustachio
  2954 | D:4      | Reached XP level 8. HP: 44/58 MP: 8/8
  3139 | D:4      | Reached skill level 6 in Shields
  3155 | D:4      | Noticed Menkaure
  3161 | D:4      | Killed Menkaure
  3490 | D:4      | Found a shadowy altar of Dithmenos.
  4000 | D:5      | Entered Level 5 of the Dungeon
  4129 | D:5      | Reached skill level 5 in Fighting
  4145 | D:5      | Found a staircase to the Ecumenical Temple.
  4170 | D:5      | Found an ornate altar of the Wu Jian Council.
  4183 | D:5      | HP: 3/62 [poisoned by a killer bee]
  4183 | D:5      | Slain by a killer bee

Illustrated notes

Levels and vault maps discovered:
D:1:      spicycebolla_arrival_clurvy, layout_loops_ring
D:2:      layout_basic, minmay_bisected
D:3:      layout_loops_corners, lemuel_crystal_altar, vehumet_crystals,
          uniq_grinder
D:4:      layout_basic, overflow_temple_1_default, general_overflow_altar,
          uniq_menkaure, uniq_eustachio, uniq_pikel
D:5:      layout_basic, nicolae_overflow_crystal_walls,
          minmay_temple_entry_drinking_statues, portal_sewer_entry_d,
          serial_shops, shop, kennysheep_generic_room_14

Skill      XL: |  1  2  3  4  5  6  7  8 |
---------------+-------------------------+-----
Shields        | 3 5 6 |  6.0
Armour         | 3 |  3.0
Long Blades    | 2 3 |  3.0
Dodging        | 1 3 |  3.0
Evocations     | 1 3 |  3.0
Throwing       | 2 3 |  3.0
Stealth        | 3 |  3.0
Fighting       | 5 |  5.0

Action                     |  1- 3 |  4- 6 |  7- 9 || total
---------------------------+-------+-------+-------++-------
  Melee: Long sword        |    95 |    51 |       ||   146
         Headbutt          |    15 |    17 |    16 ||    48
         Whip              |       |    47 |    82 ||   129
         Kick              |       |     8 |    18 ||    26
    Use: Potion            |       |     3 |     2 ||     5
         Scroll            |       |     4 |     3 ||     7
 Armour: Scale mail        |    78 |    34 |       ||   112
         Chain mail        |       |    28 |    56 ||    84
  Dodge: Dodged            |    47 |    38 |    33 ||   118
  Block: Buckler           |    25 |    50 |    46 ||   121

Table legend: (Time is in decaauts)
 A = Elapsed time spent in this place.
 B = Non-inter-level travel time spent in this place.
 C = Inter-level travel time spent in this place.
 D = Time resting spent in this place.
 E = Time spent auto-exploring this place.
 F = Levels seen in this place.
 G = Mean time per level.
                   A        B        C        D        E       F      G
               +--------+--------+--------+--------+--------+-----+--------+
         Total |   4244 |   3917 |    327 |    512 |   2570 |   5 |  848.8 |
       Dungeon |   4244 |   3917 |    327 |    512 |   2570 |   5 |  848.8 |
               +--------+--------+--------+--------+--------+-----+--------+

Top non-repeatable levels by time:
     D:4: 1265 daAuts
     D:3: 1237 daAuts
     D:2: 944 daAuts
     D:1: 609 daAuts
     D:5: 187 daAuts
